 Dungeon Crawl Stone Soup version 0.30.1-8-g117510f58f (webtiles) character file.

Game seed: 15922945260159556566

851 Peloso the Slasher (level 7, -8/62 HPs)
             Began as a Minotaur Fighter on Sept 22, 2023.
             Mangled by an ice beast (11 damage)
             ... on level 5 of the Dungeon.
             The game lasted 00:07:14 (3721 turns).

Peloso the Slasher (Minotaur Fighter)               Turns: 3721, Time: 00:07:15

Health: -8/62      AC: 10    Str: 20    XL:     7   Next: 69%
Magic:  6/6        EV:  8    Int:  5    God:
Gold:   124        SH:  5    Dex: 12    Spells: 6/6 levels left

rFire   . . .        a - +0 long sword
rCold   . . .        d - +0 buckler
rNeg    . . .        c - +0 chain mail
rPois   .            (helmet restricted)
rElec   .            (no cloak)
rCorr   .            (no gloves)
SInv    .            (no boots)
Will    .....        (no amulet) Stlth
                     (no ring)
HPRegen 0.30/turn    (no ring)
MPRegen 0.10/turn

%: no passive effects
@: no status effects
A: horns 2, retaliatory headbutt
a: no special abilities


You were on level 5 of the Dungeon.
You visited 1 branch of the dungeon, and saw 5 of its levels.

You collected 124 gold pieces.

Inventory:

Hand Weapons
 a - a +0 long sword (weapon)
Armour
 b - a +0 scale mail
 c - a +0 chain mail (worn)
 d - a +0 buckler (worn)
Scrolls
 h - 4 scrolls of teleportation {unknown}
 i - 4 scrolls of identify {unknown}
 k - a scroll of torment {unknown}
 l - 3 scrolls of magic mapping {unknown}
 m - a scroll of enchant armour {unknown}
 o - a scroll of butterflies {unknown}
 p - a scroll of poison {unknown}
 q - a scroll of immolation {unknown}
 s - a scroll of vulnerability {unknown}
 t - a scroll of amnesia {unknown}
 u - a scroll of silence {unknown}
 w - a scroll of blinking {unknown}
 x - a scroll of fear {unknown}
Potions
 e - a potion of mutation {unknown}
 f - a potion of lignification {unknown}
 g - 2 potions of magic
 j - 3 potions of curing {unknown}
 n - 2 potions of cancellation {unknown}
 r - a potion of ambrosia {unknown}
 v - 2 potions of heal wounds {unknown}
 z - 3 potions of might


   Skills:
 + Level 5.6 Fighting
 + Level 6.7 Long Blades
 + Level 6.0 Armour
 + Level 1.9 Dodging
 + Level 0.8 Stealth
 + Level 5.5 Shields


You had 6 spell levels left.
You didn't know any spells.
Your spell library contained the following spells:

 Spells                   Type           Power      Damage    Failure   Level
 Ensorcelled Hibernation  Hex/Ice        0%         N/A       100%        2
 Spider Form              Tmut/Pois      0%         N/A       100%        3
 Anguish                  Hex/Necr       0%         N/A       100%        4
 Manifold Assault         Tloc           0%         N/A       100%        4
 Olgreb's Toxic Radiance  Pois           0%         N/A       100%        4
 Dispersal                Tloc           0%         N/A       100%        6
 Discord                  Hex            0%         N/A       100%        8
 Disjunction              Tloc           0%         N/A       100%        8
 Ignition                 Fire           0%         3d3       100%        8


Dungeon Overview and Level Annotations

Branches:
Dungeon (5/15)
 Temple: D:4-7

Altars:

Shops:
D:1 :[?(*   D:2 ?


Innate Abilities, Weirdness & Mutations

You have a pair of horns on your head.
You reflexively headbutt those who attack you in melee.


Message History

You feel sick.
You see here a water moccasin corpse.
You enter the shallow water.
Moving in this stuff is going to be slow.
You feel sick.
You are no longer poisoned.
An ice beast comes into view.
The ice beast hits you but does no damage.
You hit the ice beast but do no damage.
You headbutt the ice beast, but do no damage.
The ice beast hits you. The ice beast freezes you!
* * * LOW HITPOINT WARNING * * *
You hit the ice beast but do no damage.
The ice beast hits you but does no damage.
You slash the ice beast! Your headbutt misses the ice beast.
The ice beast is moderately wounded.
The ice beast barely misses you.
You hit the ice beast but do no damage.
The ice beast is moderately wounded.
The ice beast hits you but does no damage.
You barely miss the ice beast. Your headbutt misses the ice beast.
The ice beast is moderately wounded.
The ice beast barely misses you.
You hit the ice beast but do no damage.
The ice beast is moderately wounded.
The ice beast hits you but does no damage.
You completely miss the ice beast.
The ice beast is moderately wounded.
The ice beast closely misses you. The ice beast hits you.
* * * LOW HITPOINT WARNING * * *
The ice beast freezes you!
* * * LOW HITPOINT WARNING * * *
You barely miss the ice beast. Your headbutt misses the ice beast.
The ice beast is moderately wounded.
The ice beast completely misses you.
It was a potion of magic.
Magic courses through your body. The ice beast hits you.
* * * LOW HITPOINT WARNING * * *
The ice beast freezes you!
You die...

#.....#
##...#.###
....#.#.≈~#####
#≈#..≈#≈.♣~...#
#~#.♣..~.~~##.#
#.~.~≈.♣~♣~##.#
#.~..~~~.~..#.#
...♣~~#.......#
.~..~♣~~~♣##@#
#♣~.#♣~.#†~##Y#
#~♣~#.♣.#..##.#
. ....~#.###.#
##.#.#### #.#
..#. #.# .. ##
#.# ..#


You could see an ice beast.

Vanquished Creatures
  Grinder (D:4)
  Sigmund (D:4)
  Eustachio (D:4)
  A water moccasin (D:5)
  An orc priest (D:3)
  An orc wizard (D:4)
  7 gnolls
  4 adders
  A shadow imp (D:4)
  A worm (D:2)
  2 dart slugs
  9 orcs
  2 bats
  2 endoplasms
  6 giant cockroaches
  10 goblins
  8 hobgoblins
  7 jackals (D:1)
  6 quokkas
  9 ball pythons
  3 frilled lizards (D:1)
  8 kobolds
  9 rats
100 creatures vanquished.

Notes
Turn   | Place    | Note
-------+----------+-------------------------------------------
     0 | D:1      | Peloso the Minotaur Fighter began the quest for the Orb.
     0 | D:1      | Reached XP level 1. HP: 19/19 MP: 0/0
    56 | D:1      | Found Soehiqepa's Assorted Antiques.
    57 | D:1      | Reached XP level 2. HP: 27/27 MP: 1/1
   251 | D:1      | Found Dunempeo's Magic Scroll Shoppe.
   257 | D:1      | Found Viast's Armour Emporium.
   443 | D:1      | Reached XP level 3. HP: 32/33 MP: 2/2
   487 | D:1      | Found Jajavawn's Antique Weapon Shoppe.
   541 | D:1      | Found Fonn's Book Emporium.
  1078 | D:2      | Reached XP level 4. HP: 34/40 MP: 3/3
  1614 | D:2      | Reached skill level 5 in Shields
  1614 | D:2      | Reached XP level 5. HP: 46/46 MP: 4/4
  1670 | D:2      | Found Fuimaf's Magic Scroll Shoppe.
  2670 | D:4      | Noticed Sigmund
  2880 | D:4      | Killed Sigmund
  2881 | D:4      | Reached skill level 5 in Fighting
  2881 | D:4      | Reached skill level 5 in Armour
  2881 | D:4      | Reached skill level 1 in Dodging
  2881 | D:4      | Reached XP level 6. HP: 54/56 MP: 5/5
  2953 | D:4      | Noticed Grinder
  2969 | D:4      | Killed Grinder
  2970 | D:4      | Reached skill level 5 in Long Blades
  2970 | D:4      | Reached XP level 7. HP: 42/61 MP: 6/6
  3432 | D:4      | Noticed Eustachio
  3455 | D:4      | Killed Eustachio
  3679 | D:5      | Entered Level 5 of the Dungeon
  3721 | D:5      | HP: 3/62 [ice beast (4)]
  3721 | D:5      | Mangled by an ice beast

Illustrated notes

Levels and vault maps discovered:
D:1:      psy_arrival_statuary, layout_basic, serial_shops, nicolae_square_shop,
          shop, nicolae_shop_behind_doors, nicolae_shop_just_a_little_nook,
          shop_statue, minivault_19, minivault_5
D:2:      layout_basic, serial_shops, nicolae_shop_stone
D:3:      layout_basic, minmay_misc_feat_ornament
D:4:      layout_cave_pods, minmay_misc_feat_alley, uniq_sigmund,
          uniq_eustachio, uniq_grinder
D:5:      layout_loops_ring, okawaru_trees_1, serial_rivers,
          chequers_serial_rivers_marsh, chequers_serial_rivers_small_b,
          chequers_serial_rivers_small_3, chequers_serial_rivers_micro_a,
          chequers_serial_rivers_small_3, chequers_serial_rivers_micro_d,
          cheibrodos_sewer_entry_sluice, serial_shops, nicolae_square_shop

Skill      XL: |  1  2  3  4  5  6  7 |
---------------+----------------------+-----
Armour         | 4 5 6 |  6.0
Fighting       | 4 5 |  5.6
Shields        | 4 5 |  5.5
Long Blades    | 3 4 5 6 |  6.7
Dodging        | 1 |  1.9
Stealth        | |  0.8

Action                     |  1- 3 |  4- 6 |  7- 9 || total
---------------------------+-------+-------+-------++-------
  Melee: Long sword        |    70 |   112 |    63 ||   245
         Headbutt          |     7 |    20 |     6 ||    33
    Use: Potion            |       |       |     1 ||     1
 Armour: Scale mail        |    29 |    49 |     8 ||    86
         Chain mail        |       |       |    22 ||    22
  Dodge: Dodged            |    48 |    61 |    29 ||   138
  Block: Buckler           |    25 |    34 |    12 ||    71
